 Dungeon Crawl Stone Soup version 0.29.0-13-gc9e81de378 (webtiles) character file.

Game seed: 7917706101044941429

397 Frenzy the Slasher (level 6, -2/52 HPs)
             Began as a Minotaur Gladiator on Sept 9, 2022.
             Was an Initiate of Okawaru.
             Slain by a black bear (6 damage)
             ... on level 5 of the Dungeon.
             The game lasted 00:18:52 (3097 turns).

Frenzy the Slasher (Minotaur Gladiator)             Turns: 3097, Time: 00:18:52

Health: -2/52      AC: 13    Str: 21    XL:     6   Next: 53%
Magic:  5/5        EV:  9    Int:  5    God:    Okawaru [......]
Gold:   244        SH:  0    Dex: 14    Spells: 5/5 levels left

rFire   . . .      SeeInvis .   a - +1 long sword
rCold   . . .      Faith    .   (no shield)
rNeg    . . .      Spirit   .   w - +0 chain mail
rPois   .          Reflect  .   c - +0 hat
rElec   .          Harm     .   (no cloak)
rCorr   .          Rampage  .   f - +2 pair of gloves {Dex+3}
Will    .....                   x - +0 pair of boots
Stlth   ..........              (no amulet)
HPRegen 0.17/turn               (no ring)
MPRegen 0.09/turn               (no ring)

@: no status effects
A: horns 2, retaliatory headbutt
a: Renounce Religion


You were on level 5 of the Dungeon.
You worshipped Okawaru.
Okawaru was noncommittal.
You visited 1 branch of the dungeon, and saw 5 of its levels.

You collected 244 gold pieces.

Inventory:

Hand Weapons
 a - a +1 long sword (weapon)
Missiles
 d - 3 throwing nets (quivered)
 e - a javelin
Armour
 b - a +0 leather armour
 c - a +0 hat (worn)
 f - a +2 pair of gloves of dexterity (worn)
 n - a +1 scale mail
 o - a +0 helmet
 v - a +0 scale mail of cold resistance
 w - a +0 chain mail (worn)
 x - a +0 pair of boots (worn)
Jewellery
 g - an amulet of magic regeneration
 y - an amulet of magic regeneration
Scrolls
 h - 2 scrolls of teleportation
 p - a scroll of enchant armour
 r - a scroll of immolation
 z - a scroll of blinking
Potions
 i - 3 potions of degeneration
 j - 2 potions of ambrosia
 k - 4 potions of haste
 l - 2 potions of curing
 m - a potion of attraction {unknown}
 q - 2 potions of mutation {unknown}
 s - 2 potions of flight {unknown}
 t - a potion of might {unknown}
 u - a potion of heal wounds {unknown}


   Skills:
 + Level 3.6 Fighting
 + Level 6.1 Long Blades
 - Level 2.0 Throwing
 * Level 4.2 Armour
 + Level 4.5 Dodging
 + Level 0.4 Stealth


You had 5 spell levels left.
You didn't know any spells.
Your spell library contained the following spells:

 Spells                   Type           Power      Damage    Failure   Level
 Beastly Appendage        Tmut           0%         N/A       99%         1
 Sting                    Tmut/Pois      0%         1d3       99%         1
 Poisonous Vapours        Pois/Air       0%         N/A       100%        2
 Wereblood                Tmut           0%         N/A       100%        2
 Spider Form              Tmut/Pois      0%         N/A       100%        3
 Corpse Rot               Necr/Pois/Air  0%         N/A       100%        4
 Olgreb's Toxic Radiance  Pois           0%         N/A       100%        4


Dungeon Overview and Level Annotations

Branches:
Dungeon (5/15)
 Temple: D:4-7

Altars:
Gozag
Okawaru
Sif Muna
Vehumet

Shops:
D:4 *(!:


Innate Abilities, Weirdness & Mutations

You have a pair of horns on your head.
You reflexively headbutt those who attack you in melee.


Message History

The scorpion closely misses you. The black bear closely misses you. x2
The black bear claws you but does no damage.
The scorpion stings you but does no damage.
You barely miss the black bear.
The black bear bites you but does no damage.
The black bear claws you but does no damage.
The black bear closely misses you.
The scorpion stings you but does no damage.
You completely miss the black bear. Your headbutt misses the black bear.
The scorpion closely misses you. The black bear bites you.
The black bear claws you but does no damage. x2
You slash the black bear!
The black bear is moderately wounded.
The scorpion stings you. The black bear bites you.
The black bear claws you but does no damage. x2
The scorpion stings you but does no damage.
You hit the black bear.
The black bear is moderately wounded.
The black bear bites you.
The black bear claws you but does no damage.
The black bear claws you.
The scorpion stings you but does no damage.
You hit the black bear.
The black bear is heavily wounded.
The black bear closely misses you.
The black bear claws you but does no damage. x2
The scorpion barely misses you.
You hit the black bear. You headbutt the black bear.
The black bear is severely wounded.
The scorpion stings you but does no damage.
The black bear bites you.
* * * LOW HITPOINT WARNING * * *
The black bear claws you but does no damage. x2
The scorpion barely misses you.
The black bear goes berserk!
You hit the black bear but do no damage.
The black bear is severely wounded.
The black bear bites you!
* * * LOW HITPOINT WARNING * * *
The black bear claws you.
You die...

#..#. ..... #...#
. #...# .. ##
#...######
.#.#.###.........
##......s.$....#.
#.......h@.......
.#$..........#.
#.###.........
#..†######
#.....<# #...##.#
#..###... #...
#.##.# #..# #.#
.#


You could see a black bear (berserk) and a scorpion.

Vanquished Creatures
  Sigmund (D:2)
  A black bear (D:4)
  Jessica (D:3)
  3 adders
  4 dart slugs
  4 worms
  3 orcs
  5 ball pythons
  7 bats
  7 endoplasms
  3 giant cockroaches
  7 goblins
  6 hobgoblins
  5 kobolds
  5 quokkas
  A frilled lizard (D:1)
  8 rats
71 creatures vanquished.

Notes
Turn   | Place    | Note
-------+----------+-------------------------------------------
     0 | D:1      | Frenzy the Minotaur Gladiator began the quest for the Orb.
     0 | D:1      | Reached XP level 1. HP: 18/18 MP: 0/0
   197 | D:1      | Reached XP level 2. HP: 25/25 MP: 1/1
   212 | D:1      | Reached skill level 1 in Armour
   250 | D:1      | Reached skill level 4 in Long Blades
   389 | D:1      | Found a faded altar of an unknown god.
   398 | D:1      | Prayed at the altar of an unknown god.
   398 | D:1      | Became a worshipper of Vehumet
   398 | D:1      | Reached * piety under Vehumet
   398 | D:1      | Offered knowledge of Foxfire by Vehumet.
   729 | D:2      | Reached XP level 3. HP: 30/30 MP: 2/2
  1254 | D:2      | Noticed Sigmund
  1259 | D:2      | Killed Sigmund
  1260 | D:2      | Reached skill level 5 in Long Blades
  1260 | D:2      | Reached XP level 4. HP: 38/38 MP: 3/3
  1260 | D:2      | Reached XP level 5. HP: 45/45 MP: 4/4
  1625 | D:3      | Noticed Jessica
  1637 | D:3      | Killed Jessica
  1655 | D:3      | Found an iron altar of Okawaru.
  1670 | D:3      | Offered knowledge of Scorch by Vehumet.
  1672 | D:3      | Reached ** piety under Vehumet
  1682 | D:3      | Fell from the grace of Vehumet
  1682 | D:3      | Became a worshipper of Warmaster Okawaru
  1701 | D:3      | Found a shimmering blue altar of Sif Muna.
  1893 | D:3      | Reached XP level 6. HP: 47/51 MP: 5/5
  2290 | D:4      | Identified a scroll of acquirement
  2290 | D:4      | Acquired a +2 pair of gloves of dexterity
  2397 | D:4      | Reached skill level 6 in Long Blades
  2404 | D:4      | Found Rearuf's Weapon Emporium.
  2465 | D:4      | Found Cyiq's General Store.
  2526 | D:4      | Found Taumie's Book Shop.
  2644 | D:4      | Found Jayduvash's Distillery.
  3019 | D:4      | Found an opulent altar of Gozag.
  3068 | D:5      | Entered Level 5 of the Dungeon
  3097 | D:5      | Slain by a black bear

Illustrated notes

Levels and vault maps discovered:
D:1:      psy_arrival_wood_between_worlds, layout_basic,
          chequers_ecumenical_altar_simple
D:2:      layout_loops_corners, uniq_sigmund
D:3:      cheibrodos_helix_gallery, layout_basic, okawaru_altar_gauntlet_db,
          nicolae_overflow_hidden_temple, roderic_lattice_a, amethyst_killhole,
          uniq_jessica
D:4:      layout_basic, nicolae_gozag_cash_rules_everything_around_me,
          serial_shops, nicolae_shop_waterfront, nicolae_diamond_shop, shop,
          nicolae_shop_trees
D:5:      layout_loops_cross, nicolae_dithmenos_through_a_glass_darkly,
          nicolae_ru_the_path_less_chosen, nicolae_qazlal_scattered_showers,
          portal_sewer_entry_f

Skill      XL: |  1  2  3  4  5  6 |
---------------+-------------------+-----
Armour         | 1 3 4 |  4.2
Long Blades    | 4 5 6 |  6.1
Fighting       | 3 |  3.6
Dodging        | 4 |  4.5
Throwing       | |  2.0
Stealth        | |  0.4

Action                   |  1- 3 |  4- 6 || total
-------------------------+-------+-------++-------
Melee: Long sword        |    73 |    93 ||   166
       Headbutt          |    11 |    10 ||    21
       Punch             |     1 |     3 ||     4
  Use: Scroll            |       |    13 ||    13
Armor: Leather armour    |    14 |       ||    14
       Scale mail        |    17 |    34 ||    51
       Chain mail        |       |    30 ||    30
Dodge: Dodged            |    53 |    71 ||   124
